 Seeded DCSS version 0.28-a0-1286-g6bde065e89 (webtiles) character file.

Game seed: 20211227 (custom seed)

2613 a11behringer the Cleaver (level 9, -8/75 HPs)
             Began as a Hill Orc Cinder Acolyte on Dec 27, 2021.
             Was a Priest of Ignis.
             Mangled by a yak (14 damage)
             ... on level 5 of the Dungeon.
             The game lasted 00:20:52 (5783 turns).

a11behringer the Cleaver (Hill Orc Cinder Acolyte)  Turns: 5783, Time: 00:20:52

Health: -8/75      AC:  6    Str: 17    XL:     9   Next: 60%
Magic:  8/13       EV: 12    Int: 18    God:    Ignis [***...]
Gold:   255        SH:  0    Dex: 10    Spells: 6/13 levels left

rFire   + . .      SeeInvis .   w - +10 mace of the World {speed, rN++ Dex+4 Stlth+}
rCold   . . .      Faith    .   (no shield)
rNeg    + + .      Spirit   .   b - +0 robe
rPois   +          Reflect  .   p - +1 helmet
rElec   .          Harm     .   v - +0 cloak
rCorr   .          Rampage  .   c - +0 pair of gloves
Will    .....                   (no boots)
Stlth   +++.......              (no amulet)
HPRegen 0.22/turn               y - ring of poison resistance
MPRegen 0.13/turn               (no ring)

@: very slightly contaminated
A: no striking features
a: Renounce Religion, Fiery Armour, Foxfire Swarm, Rising Flame


You were on level 5 of the Dungeon.
You worshipped Ignis.
Ignis was most pleased with you.
You visited 1 branch of the dungeon, and saw 6 of its levels.

You collected 255 gold pieces.

Inventory:

Hand Weapons
 a - a -1 hand axe of flaming
 o - the +5 mace of Gozag's Envy {vorpal, Fly rPois rC- Str+5}
   (You found it on level 4 of the Dungeon)

   It inflicts extra damage upon your enemies.
   Str:       It affects your strength (+5).
   rC:        It makes you vulnerable to cold.
   rPois:     It protects you from poison.
   Fly:       It grants you flight.
 q - a +0 hand axe
 t - the +6 mace of Discretion {protect, rPois}
   (You found it on level 4 of the Dungeon)

   It grants its wielder temporary protection when it strikes (+7 to AC).
   rPois:     It protects you from poison.
 u - a +3 mace
 w - the +10 mace of the World (weapon) {speed, rN++ Dex+4 Stlth+}
   (You found it on level 4 of the Dungeon)

   Attacks with this weapon are significantly faster.
   Dex:       It affects your dexterity (+4).
   rN:        It greatly protects you from negative energy.
   Stlth:     It makes you more stealthy.
 A - a +0 war axe
Armour
 b - a +0 robe (worn)
 c - a +0 pair of gloves (worn)
 e - a +0 leather armour
 p - a +1 helmet (worn)
 v - a +0 cloak (worn)
Jewellery
 y - a ring of poison resistance (left hand)
Wands
 d - a wand of acid (5)
 x - a wand of paralysis (8)
Scrolls
 k - a scroll of immolation
 n - a scroll of silence
 s - a scroll of enchant weapon {unknown}
 z - a scroll of blinking {unknown}
 C - a scroll of identify
Potions
 f - 2 potions of might
 g - 2 potions of curing
 h - a potion of lignification {unknown}
 i - a potion of flight {unknown}
 j - 2 potions of mutation
 l - 2 potions of attraction {unknown}
 m - a potion of ambrosia {unknown}
 r - a potion of haste
 B - a potion of heal wounds {unknown}


   Skills:
 + Level 5.8 Fighting
 + Level 9.1(10.0) Axes
 + Level 5.4(7.3) Maces & Flails
 + Level 3.0 Dodging
 + Level 1.9 Stealth
 + Level 2.7 Spellcasting
 * Level 4.0 Conjurations
 * Level 6.8 Fire Magic


You had 6 spell levels left.
You knew the following spells:

 Your Spells              Type           Power      Damage    Failure   Level
a - Scorch                Fire           54%        2d7       1%          2
b - Fireball              Conj/Fire      11%        3d7       45%         5

Your spell library contained the following spells:

 Spells                   Type           Power      Damage    Failure   Level
 Freeze                   Ice            8%         1d3       17%         1
 Frozen Ramparts          Ice            4%         1d2       45%         3
 Summon Guardian Golem    Hex/Summ       2%         N/A       45%         3
 Hailstorm                Conj/Ice       9%         3d4       58%         4
 Iskenderun's Battlesphe  Conj           17%        2d7       65%         5
 Conjure Ball Lightning   Conj/Air       4%         3x3d6     100%        6
 Orb of Destruction       Conj           8%         9d4       100%        7
 Spellforged Servitor     Conj/Summ      4%         N/A       100%        7


Dungeon Overview and Level Annotations

Branches:
Dungeon (6/15)             Temple (0/1) D:5

Altars:

Shops:
D:4 !

Annotations:
D:6 2 transporters


Message History

You don't know that spell.
You completely miss the yak.
The yak is lightly wounded.
The yak gores you.
You sock the yak!
The yak is moderately wounded.
The yak gores you!
You sock the yak!
The yak is heavily wounded.
You sock the yak!
The yak is almost dead.
The yak is no longer more vulnerable to fire.
The yak gores you but does no damage.
You completely miss the yak.
The yak is almost dead.
The yak is no longer more vulnerable to fire.
The yak gores you!
* * * LOW HITPOINT WARNING * * *
You thump the yak!
You kill the yak!
Your Dodging skill increases to level 3!
Your Conjurations skill increases to level 4!
You sock the yak!
The yak is moderately wounded.
The yak misses you.
You sock the yak!
The yak is severely wounded.
The yak gores you but does no damage.
Casting: Scorch (safe; 1% risk of failure)
Confirm with . or Enter, or press ? or * to list all spells.
You miscast Scorch.
You are very lightly contaminated with residual magic.
Nothing appears to happen.
The yak gores you!
* * * LOW HITPOINT WARNING * * *
You hit the yak.
The yak is severely wounded.
You closely miss the yak.
The yak is severely wounded.
The yak gores you!
You die...

#.#.....##.....).# #.#.#
.#'.....##.......# ######.#.#
#.#..............### #....))).#
.#......######.....# #.####.###
#.#+###.# #.#.#.# #.#..#.###
.....##.# #.#)#.# #.#..#.(..
#....##†# #.#)#.# #.#.......
.....##.#### #.#Y#.# #.#..#####
....###.†..# #.#@#.#####.#.#### #
.....##....# #.#.#.......#....# #
.....##....# #.#.############.###
......#....# #.#.##....# #.....#
......#....# #.#.##....# #.#.#.#
......#...## #.#.##....# #.#.#.#
..........# #.#.###'######.#.#.#
.....#....####.#............#.#<.
.....#.>.......##############.###


You could see a yak.

Vanquished Creatures
  Pikel (D:4)
  Sigmund (D:2)
  A wyvern (D:4)
  2 yaks (D:5)
  2 ice beasts
  A black bear (D:5)
  A necrophage (D:5)
  A phantom (D:5)
  2 lemures (D:4)
  Blork the orc (D:5)
  2 scorpions
  4 wights (D:6)
  5 hounds
  A bullfrog zombie (D:6)
  A jelly (D:3)
  Crazy Yiuf (D:4)
  A gnoll shaman (D:5)
  2 orc priests (D:6)
  Ijyb (D:5)
  An iguana (D:6)
  3 orc wizards
  Natasha (thrice) (D:2)
  2 hound zombies (D:5)
  Robin (D:4)
  3 gnolls (D:5)
  4 adders
  A white imp (D:6)
  An ufetubus (D:6)
  An adder skeleton (D:4)
  2 worms
  2 dart slugs
  19 orcs
  4 ball pythons
  5 endoplasms
  A giant cockroach (D:2)
  16 goblins
  17 hobgoblins
  4 quokkas
  5 bats
  2 frilled lizards (D:2)
  3 kobolds (D:1)
  4 rats
135 creatures vanquished.

Vanquished Creatures (others)
  15 foxfires (D:4)
  5 fungi (D:4)
20 creatures vanquished.

Grand Total: 155 creatures vanquished

Notes
Turn   | Place    | Note
-------+----------+-------------------------------------------
     0 | D:1      | a11behringer the Hill Orc Cinder Acolyte began the quest
                  | for the Orb.
     0 | D:1      | Reached XP level 1. HP: 19/19 MP: 2/2
   137 | D:1      | Reached XP level 2. HP: 27/27 MP: 3/3
   145 | D:1      | Learned a level 2 spell: Scorch
   373 | D:1      | Found a faded altar of an unknown god.
   644 | D:1      | Reached XP level 3. HP: 32/33 MP: 4/4
  1095 | D:2      | Reached skill level 5 in Axes
  1213 | D:2      | Noticed Natasha
  1217 | D:2      | Killed Natasha
  1218 | D:2      | Reached XP level 4. HP: 40/40 MP: 0/5
  1308 | D:2      | Noticed Sigmund
  1318 | D:2      | Killed Sigmund
  1319 | D:2      | Reached skill level 6 in Axes
  1319 | D:2      | Reached skill level 1 in Dodging
  1319 | D:2      | Reached XP level 5. HP: 45/47 MP: 1/6
  1319 | D:2      | Reached XP level 6. HP: 51/53 MP: 1/7
  1583 | D:2      | Noticed Natasha
  1593 | D:2      | Killed Natasha
  2100 | D:3      | Learned a level 5 spell: Fireball
  2356 | D:2      | Noticed Natasha
  2360 | D:2      | Killed Natasha
  2389 | D:4      | Reached skill level 7 in Axes
  2634 | D:4      | Found Myabubb's Distillery.
  2637 | D:4      | Noticed Robin
  2652 | D:4      | Noticed a wyvern
  2658 | D:4      | Killed a wyvern
  2659 | D:4      | Reached skill level 1 in Conjurations
  2659 | D:4      | Reached XP level 7. HP: 58/60 MP: 4/9
  2659 | D:4      | Killed Robin
  2741 | D:3      | Reached skill level 5 in Fire Magic
  2914 | D:4      | Reached skill level 8 in Axes
  2918 | D:4      | Noticed Pikel
  2979 | D:4      | Killed Pikel
  2980 | D:4      | Reached skill level 5 in Fighting
  2980 | D:4      | Reached skill level 1 in Stealth
  2980 | D:4      | Reached XP level 8. HP: 10/68 MP: 2/11
  3518 | D:4      | Identified the +5 mace of Gozag's Envy {vorpal, Fly rPois
                  | rC- Str+5}
  3533 | D:4      | Identified the +6 mace of Discretion {protect, rPois}
  3535 | D:4      | Found a runed translucent door.
  3536 | D:4      | Noticed Crazy Yiuf
  3548 | D:4      | Killed Crazy Yiuf
  3551 | D:4      | Identified the +10 mace of the World {speed, rN++ Dex+4
                  | Stlth+}
  3942 | D:5      | Entered Level 5 of the Dungeon
  3957 | D:5      | Noticed Ijyb
  3964 | D:5      | Killed Ijyb
  4008 | D:5      | Found a staircase to the Ecumenical Temple.
  4016 | D:5      | Reached skill level 1 in Maces & Flails
  4483 | D:5      | Reached skill level 9 in Axes
  4555 | D:5      | Reached XP level 9. HP: 74/74 MP: 12/12
  4584 | D:5      | Noticed Blork the orc
  4592 | D:5      | Killed Blork the orc
  5438 | D:6      | Found a transporter.
  5547 | D:6      | Reached skill level 5 in Maces & Flails
  5616 | D:6      | Found a transporter.
  5783 | D:5      | Mangled by a yak

Illustrated notes

Levels and vault maps discovered:
D:1:      minmay_arrival_pointy, layout_rooms,
          dreamdust_ecumenical_altar_statues, bh_walls_and_bars
D:2:      minmay_angry_zag, layout_rooms,
          nicolae_concentric_dashed_squares_wild, uniq_natasha, uniq_sigmund
D:3:      layout_loops_ring
D:4:      layout_cave_pools, serial_shops, shop, uniq_pikel, uniq_robin,
          uniq_crazy_yiuf_cottage
D:5:      layout_basic, minmay_temple_entry_junction, uniq_blork_the_orc,
          uniq_ijyb
D:6:      gammafunk_steamed_eel, layout_basic, lemuel_doored_altar,
          minmay_holes, lemuel_old_faithful

Skill      XL: |  1  2  3  4  5  6  7  8  9 |
---------------+----------------------------+-----
Axes           | 5 6 7 8 9 |  9.1
Fighting       | 4 5 |  5.8
Fire Magic     | 4 5 6 |  6.8
Dodging        | 1 2 3 |  3.0
Conjurations   | 1 2 3 4 |  4.0
Stealth        | 1 |  1.9
Spellcasting   | 2 |  2.7
Maces & Flails | 2 5 |  5.4

Action                   |  1- 3 |  4- 6 |  7- 9 || total
-------------------------+-------+-------+-------++-------
Melee: Hand axe          |    75 |    65 |    63 ||   203
       Mace              |       |       |   144 ||   144
 Cast: Scorch            |     4 |    12 |    16 ||    32
Invok: Fiery Armour      |       |     2 |     3 ||     5
       Foxfire Swarm     |       |     1 |       ||     1
  Use: Scroll            |       |     3 |     6 ||     9
       Potion            |       |       |     1 ||     1
 Stab: Invisible         |       |       |     1 ||     1
       Sleeping          |       |       |     1 ||     1
Armor: Robe              |    19 |    20 |    71 ||   110
Dodge: Dodged            |    48 |    50 |   131 ||   229

Table legend: (Time is in decaauts)
 A = Elapsed time spent in this place.
 B = Non-inter-level travel time spent in this place.
 C = Inter-level travel time spent in this place.
 D = Time resting spent in this place.
 E = Time spent auto-exploring this place.
 F = Levels seen in this place.
 G = Mean time per level.
                   A        B        C        D        E       F      G
               +--------+--------+--------+--------+--------+-----+--------+
         Total |   5750 |   5237 |    513 |      0 |   4314 |   6 |  958.3 |
       Dungeon |   5750 |   5237 |    513 |      0 |   4314 |   6 |  958.3 |
               +--------+--------+--------+--------+--------+-----+--------+

Top non-repeatable levels by time:
     D:3: 1251 daAuts
     D:5: 1124 daAuts
     D:4: 943 daAuts
     D:1: 901 daAuts
     D:2: 850 daAuts
     D:6: 679 daAuts
